 Seeded DCSS version 0.29.1-15-g9cfb28693d (webtiles) character file.

Game seed: 8515177902725472229 (custom seed)

25894 Psyclone the Thaumaturge (level 12, -13/77 HPs)
             Began as a Deep Elf Conjurer on Oct 1, 2023.
             Killed from afar by a lindwurm (30 damage)
             ... with a blast of flame
             ... on level 1 of the Orcish Mines.
             The game lasted 00:56:35 (17753 turns).

Psyclone the Thaumaturge (Deep Elf Conjurer)       Turns: 17753, Time: 00:56:36

Health: -13/77     AC:  5    Str:  4    XL:     12   Next: 93%
Magic:  11/28      EV: 27    Int: 31    God:
Gold:   945        SH:  9    Dex: 13    Spells: 8/31 levels left

rFire   . . .      SeeInvis .   r - staff of conjuration
rCold   + . .      Faith    .   q - +4 buckler of the Leaf {Drain Will+ rCorr Stlth+}
rNeg    + . .      Spirit   .   a - +1 robe {Archmagi}
rPois   +          Reflect  .   I - +0 hat {Will+}
rElec   .          Harm     .   D - +0 cloak
rCorr   +          Rampage  .   (no gloves)
Will    ++++.      Archmagi +   x - +0 pair of boots
Stlth   +++.......              t - amulet of the acrobat
HPRegen 0.22/turn               c - ring of Liberty {rPois rC+ rN+ Int+2}
MPRegen 0.21/turn               E - ring of willpower

@: acrobatic
A: no striking features
a: no special abilities


You were on level 1 of the Orcish Mines.
You visited 4 branches of the dungeon, and saw 16 of its levels.

You collected 1369 gold pieces.
You spent 424 gold pieces at shops.

Inventory:

Hand Weapons
 C - a +2 dagger of holy wrath
Missiles
 p - 4 throwing nets {!f}
Armour
 a - a +1 robe of the Archmagi (worn)
 q - the +4 buckler of the Leaf (worn) {Drain Will+ rCorr Stlth+}
   (You acquired it on level 2 of the Dungeon)

   rCorr:     It protects you from acid and corrosion.
   Drain:     It drains your maximum health when unequipped.
   Will:      It increases your willpower.
   Stlth:     It makes you more stealthy.
 x - a +0 pair of boots (worn)
 y - a +0 helmet
 D - a +0 cloak (worn)
 I - a +0 hat of willpower (worn)
 R - the +0 pair of gloves of Fuisch {rElec Str-5 Int+7 SInv}
   (You found it on level 2 of the Lair of Beasts)

   Str:       It affects your strength (-5).
   Int:       It affects your intelligence (+7).
   rElec:     It insulates you from electricity.
   SInv:      It lets you see invisible.
 T - a +1 robe of cold resistance
Magical Staves
 r - a staff of conjuration (weapon)
Jewellery
 c - the ring of Liberty (left hand) {rPois rC+ rN+ Int+2}
   (You acquired it on level 1 of the Dungeon)

   [ring of poison resistance]

   Int:       It affects your intelligence (+2).
   rC:        It protects you from cold.
   rPois:     It protects you from poison.
   rN:        It protects you from negative energy.
 i - a ring of flight
 t - an amulet of the acrobat (around neck)
 E - a ring of willpower (right hand)
 K - a ring of willpower
 L - an amulet of faith
 S - a ring of ice
Wands
 B - a wand of paralysis (13)
 G - a wand of flame (22)
 H - a wand of iceblast (13)
Scrolls
 e - 2 scrolls of poison
 k - 2 scrolls of blinking
 l - a scroll of amnesia
 n - a scroll of vulnerability
 o - 3 scrolls of teleportation
 s - 2 scrolls of enchant weapon
 v - 2 scrolls of fear
 w - a scroll of brand weapon
 z - a scroll of summoning
 A - 3 scrolls of enchant armour
 M - a scroll of butterflies
 N - a scroll of immolation
Potions
 b - 2 potions of magic
 d - 8 potions of curing
 f - 4 potions of mutation
 g - a potion of attraction
 h - a potion of might
 j - 4 potions of heal wounds
 m - a potion of haste
 u - 4 potions of lignification
 F - a potion of brilliance {unknown}
 J - a potion of ambrosia {unknown}
 P - a potion of cancellation
 Q - a potion of degeneration {unknown}


   Skills:
 - Level 10.0 Fighting
 - Level 2.4 Dodging
 - Level 2.5 Stealth
 - Level 4.0 Shields
 - Level 10.0 Spellcasting
 - Level 10.0 Conjurations
 + Level 7.1 Hexes
 - Level 10.0 Air Magic
 - Level 10.0 Poison Magic


You had 8 spell levels left.
You knew the following spells:

 Your Spells              Type           Power      Damage    Failure   Level
a - Magic Dart            Conj           100%       1d8       1%          1
b - Searing Ray           Conj           100%       2d8       1%          2
c - Inner Flame           Hex/Fire       54%        N/A       2%          3
d - Fulminant Prism       Conj/Hex       50%        3d23      1%          4
e - Iskenderun's Mystic   Conj/Tloc      81%        2d16      5%          4
f - Lightning Bolt        Conj/Air       54%        1d75      1%          5
x - Olgreb's Toxic Radia  Pois           86%        N/A       1%          4

Your spell library contained the following spells:

 Spells                   Type           Power      Damage    Failure   Level
 Slow                     Hex            100%       N/A       1%          1
 Poisonous Vapours        Pois/Air       100%       N/A       1%          2
 Static Discharge         Conj/Air       100%       3-16/arc  1%          2
 Confusing Touch          Hex            74%        N/A       1%          3
 Dazzling Flash           Conj/Hex       100%       N/A       1%          3
 Spider Form              Tmut/Pois      63%        N/A       1%          3
 Portal Projectile        Hex/Tloc       100%       N/A       2%          3
 Cause Fear               Hex            37%        N/A       2%          4
 Corpse Rot               Necr/Pois/Air  71%        N/A       2%          4
 Silence                  Hex/Air        40%        N/A       3%          5
 Beastly Appendage        Tmut           46%        N/A       4%          1
 Necrotise                Necr           92%        1d8       4%          1
 Wereblood                Tmut           23%        N/A       6%          2
 Leda's Liquefaction      Hex/Erth       27%        N/A       10%         4
 Call Canine Familiar     Summ           23%        N/A       12%         3
 Vampiric Draining        Necr           23%        2d7       12%         3
 Passage of Golubria      Tloc           23%        N/A       38%         4
 Agony                    Necr           23%        N/A       75%         5
 Maxwell's Capacitive Co  Air            43%        ∞         99%         8
 Ozocubu's Refrigeration  Ice            11%        4d10      100%        7
 Discord                  Hex            37%        N/A       100%        8
 Ignition                 Fire           11%        3d5       100%        8
 Lehudib's Crystal Spear  Conj/Erth      40%        10d10     100%        8
 Chain Lightning          Conj/Air       54%        3d72      100%        9
 Fire Storm               Conj/Fire      40%        8d10      100%        9
 Shatter                  Erth           11%        3d12*     100%        9


Dungeon Overview and Level Annotations

Branches:
Dungeon (11/15) Zot: 25435  Temple (1/1) D:7 Zot: 5781    Lair (2/5) D:10 Zot: 9266
 Spider (0/4) Lair:2          Orc (2/2) D:10 Zot: 11724
  Swamp: Lair:2-3    Shoals: Lair:2-3       Elf: Orc:2

Altars:
Ashenzari
Cheibriados
Dithmenos
Elyvilon
Fedhas
Gozag
Hepliaklqana
Kikubaaqudgha
Makhleb
Nemelex Xobeh
Okawaru
Qazlal
Ru
Sif Muna
Trog
Uskayaw
Vehumet
Wu Jian
Xom
Yredelemnul
Zin
The Shining One

Shops:
D:2 *   D:5 **   D:7 =   D:8 ?   Orc:1 ?=

Portals:
Volcano: Orc:1

Annotations:
D:4 2 transporters, Xrynn's ghost, amateur KoEn
D:6 3 runed translucent doors, venomsnake's ghost, novice MiBe


Message History

The orc warrior is poisoned.
The orc warrior looks even sicker.
You now have 8/28 mp.
The orc warrior looks even sicker.
You kill the orc!
The orc warrior throws a boomerang.
You block the boomerang.
The orc warrior looks as sick as possible!
An orc comes into view. It is wielding a +0 hand axe.
The orc shouts!
The orc is poisoned.
The orc warrior throws a boomerang.
The boomerang closely misses you.
The orc warrior looks as sick as possible!
Your toxic aura wanes.
You kill the orc warrior!
An orc priest comes into view. It is wielding a +0 dagger.
Casting: Olgreb's Toxic Radiance (mildly dangerous; 1% risk of failure)
Confirm with . or Enter, or press ? or * to list all spells.
You feel a surge of power!
You begin to radiate toxic energy.
The orc priest is poisoned.
You kill the orc!
The orc priest looks even sicker.
You now have 5/28 mp.
The orc priest looks even sicker.
Your toxic aura wanes.
The orc priest invokes the aid of Beogh against you.
Beogh smites you!
* * * LOW HITPOINT WARNING * * *
Things that are here:
a +0 short sword of protection; a +0 ring mail; an orc corpse You take 13 damage, and have 12/77 hp.
You kill the orc priest!
You see here a warg corpse.
Things that are here:
a +0 dagger; a +0 scale mail; an orc corpse
Found 31 gold pieces.
A lindwurm comes into view.
Found a dark tunnel.
You hear the quick rumble of an avalanche of rocks very nearby.
The lindwurm breathes flames at you. The blast of flame hits you!!
You die...

**,**,*,,*#.≈≈.#
*,,,*
*,,,,,,*,*#.§..#
**,**
**,**,****#.≈..#
*** ******
#.≈..# #.≈≈.#
#..≈.## ##.≈≈.#
#..≈.# #..≈@#
#..≈.# #.≈≈k#
#.≈..# #∩≈.##
####*


You could see a lindwurm (catching breath).

Vanquished Creatures
  Gastronok (D:8)
  Snorg (D:10)
  Harold (Lair:2)
  2 hydras
  Fannar (Orc:1)
  4 two-headed ogres
  Erica (D:8)
  Pikel (D:8)
  A lindwurm (Lair:2)
  An orc sorcerer (Orc:1)
  2 cyclopes
  2 manticores
  Joseph (D:8)
  A gargoyle (D:11)
  3 cane toads
  A torpor snail (Lair:2)
  2 unseen horrors (D:10)
  Psyche (D:9)
  4 komodo dragons
  Maggie (D:10)
  An unseen horror zombie (D:9)
  A rime drake (Lair:1)
  4 trolls
  A hornet (Lair:2)
  3 blink frogs (Lair:2)
  Prince Ribbit (D:9)
  3 shadows
  4 wyverns
  A vampire (D:10)
  15 yaks
  A wraith (D:10)
  Grum (D:10)
  3 vampire mosquitoes (D:10)
  3 steam dragons
  A warg (Orc:1)
  An acid dragon (D:11)
  4 water moccasins
  3 ice beasts
  8 orc warriors
  7 wolves
  4 centaurs
  3 ogres
  3 lemures (D:8)
  2 bullfrogs
  A wyvern zombie (D:9)
  A gnoll sergeant (D:9)
  4 scorpions
  7 wights
  12 killer bees
  3 electric eels (D:8)
  3 jellies
  A hound (D:7)
  7 orc priests
  3 gnoll boudas
  4 iguanas
  9 orc wizards
  17 gnolls
  4 adders
  10 river rats (D:6)
  2 white imps
  2 ufetubi
  2 worms (Lair:2)
  3 dart slugs
  51 orcs
  5 ball pythons
  5 bats
  3 endoplasms
  6 giant cockroaches
  7 goblins
  7 hobgoblins
  5 jackals (D:2)
  7 quokkas
  5 frilled lizards
  4 kobolds
  24 rats
334 creatures vanquished.

Vanquished Creatures (others)
  96 fulminant prisms
  13 fungi
  21 plants
130 creatures vanquished.

Grand Total: 464 creatures vanquished

Notes
Turn   | Place    | Note
-------+----------+-------------------------------------------
     0 | D:1      | Psyclone the Deep Elf Conjurer began the quest for the Orb.
     0 | D:1      | Reached XP level 1. HP: 10/10 MP: 6/6
    30 | D:1      | Identified a scroll of acquirement
    30 | D:1      | Acquired the ring of Liberty {rPois rC+ rN+ Int+2}
   316 | D:1      | Reached XP level 2. HP: 15/15 MP: 6/8
   947 | D:2      | Learned a level 2 spell: Searing Ray
  1045 | D:2      | Reached XP level 3. HP: 19/19 MP: 9/11
  1396 | D:2      | Reached skill level 5 in Spellcasting
  1407 | D:2      | Found a shimmering altar of Xom.
  1526 | D:2      | Reached XP level 4. HP: 24/24 MP: 7/13
  1538 | D:2      | Acquired 458 gold pieces
  1539 | D:2      | Acquired the +4 buckler of the Leaf {Drain Will+ rCorr
                  | Stlth+}
  1540 | D:2      | Acquired a staff of conjuration
  1665 | D:2      | Found Vuamm's General Store.
  1673 | D:2      | Bought a +1 robe of the Archmagi for 327 gold pieces
  1861 | D:2      | Learned a level 4 spell: Fulminant Prism
  1866 | D:2      | Learned a level 4 spell: Iskenderun's Mystic Blast
  1958 | D:3      | Found a faded altar of an unknown god.
  2064 | D:3      | Reached skill level 5 in Conjurations
  2308 | D:3      | Reached skill level 1 in Shields
  2308 | D:3      | Reached XP level 5. HP: 28/28 MP: 6/15
  3259 | D:4      | Noticed Xrynn's ghost (amateur KoEn)
  3263 | D:4      | Found a transporter.
  3266 | D:4      | Found a transporter.
  3570 | D:5      | Entered Level 5 of the Dungeon
  3586 | D:5      | Reached XP level 6. HP: 32/32 MP: 10/17
  3735 | D:5      | Noticed a water moccasin
  3739 | D:5      | Killed a water moccasin
  4048 | D:5      | Found Bylic's Specific Store.
  4051 | D:5      | Found Naef Ace's General Store.
  4250 | D:5      | Reached XP level 7. HP: 35/36 MP: 15/19
  4349 | D:5      | Found a radiant altar of Vehumet.
  4561 | D:6      | Found a hazy altar of Hepliaklqana.
  4706 | D:6      | Noticed a steam dragon
  4715 | D:6      | Killed a steam dragon
  5106 | D:6      | Noticed a troll
  5112 | D:6      | Killed a troll
  5113 | D:6      | Reached XP level 8. HP: 41/41 MP: 14/22
  5212 | D:6      | Reached skill level 1 in Fighting
  5602 | D:6      | Found a runed translucent gate.
  5602 | D:6      | Found a runed translucent gate.
  5602 | D:6      | Found a runed translucent gate.
  5603 | D:6      | Noticed venomsnake's ghost (novice MiBe)
  5628 | D:6      | Learned a level 4 spell: Olgreb's Toxic Radiance
  5802 | D:6      | Reached skill level 1 in Poison Magic
  6133 | D:7      | Identified the +2 long sword "Widowermaker" {vorpal, rN+
                  | Str+3}
  6137 | D:7      | Found Zauzocer's Jewellery Emporium.
  6427 | D:7      | Reached skill level 5 in Poison Magic
  6823 | D:7      | Found a staircase to the Ecumenical Temple.
  6831 | Temple   | Entered the Ecumenical Temple
  7167 | D:7      | Found the +0 staff of Battle
  7247 | D:7      | Found a shadowy altar of Dithmenos.
  7294 | D:8      | Found Zilis's Magic Scroll Shoppe.
  7324 | D:8      | Reached XP level 9. HP: 50/50 MP: 17/23
  7379 | D:8      | Noticed Pikel
  7390 | D:8      | Killed Pikel
  7457 | D:8      | Learned a level 3 spell: Inner Flame
  7518 | D:8      | Found a glowing silver altar of Zin.
  7604 | D:8      | Noticed Gastronok
  7681 | D:8      | Killed Gastronok
  7682 | D:8      | Reached skill level 10 in Spellcasting
  7941 | D:8      | Noticed a cyclops
  7950 | D:8      | Noticed a two-headed ogre
  8014 | D:8      | Reached skill level 5 in Fighting
  8014 | D:8      | Reached XP level 10. HP: 59/59 MP: 19/26
  8263 | D:8      | Killed a cyclops
  8342 | D:8      | Killed a two-headed ogre
  8406 | D:8      | Noticed Erica
  8416 | D:8      | Killed Erica
  9117 | D:8      | Found a snail-covered altar of Cheibriados.
  9210 | D:8      | Noticed Joseph
  9219 | D:8      | Killed Joseph
  9436 | D:9      | Noticed Psyche
  9442 | D:9      | Killed Psyche
 10470 | D:9      | Noticed a two-headed ogre
 10517 | D:9      | Killed a two-headed ogre
 10518 | D:9      | Reached XP level 11. HP: 57/71 MP: 22/27
 10864 | D:9      | Noticed Prince Ribbit
 10870 | D:9      | Killed Prince Ribbit
 11068 | D:9      | Found a basalt altar of Yredelemnul.
 11394 | D:10     | Entered Level 10 of the Dungeon
 11437 | D:10     | Found a burning altar of Makhleb.
 11523 | D:10     | Reached skill level 10 in Fighting
 12103 | D:10     | Found a blossoming altar of Fedhas.
 12126 | D:10     | Found a staircase to the Lair.
 12274 | D:10     | Noticed Grum
 12276 | D:10     | Noticed Maggie
 12281 | D:10     | Reached skill level 10 in Conjurations
 12293 | D:10     | Killed Grum
 12297 | D:10     | Killed Maggie
 12665 | D:10     | Found a staircase to the Orcish Mines.
 13595 | D:11     | Reached skill level 1 in Air Magic
 14120 | D:11     | Noticed a two-headed ogre
 14155 | D:11     | Killed a two-headed ogre
 14156 | D:11     | Reached skill level 10 in Poison Magic
 14427 | Lair:1   | Entered Level 1 of the Lair of Beasts
 14508 | Lair:1   | Reached XP level 12. HP: 61/77 MP: 0/28
 14695 | Lair:1   | Reached skill level 5 in Air Magic
 14707 | Lair:1   | Learned a level 5 spell: Lightning Bolt
 14805 | Lair:1   | Noticed an eight-headed hydra
 14814 | Lair:1   | Killed an eight-headed hydra
 15699 | Lair:2   | Noticed Harold
 15716 | Lair:2   | Killed Harold
 15777 | Lair:2   | Noticed a four-headed hydra
 15791 | Lair:2   | Killed a four-headed hydra
 16094 | Lair:2   | Found a hole to the Spider Nest.
 16262 | Lair:2   | Identified the +0 chain mail "Nicigref" {rPois}
 16297 | Lair:2   | Identified the +0 pair of gloves of Fuisch {rElec Str-5
                  | Int+7 SInv}
 16770 | Lair:2   | Identified the +3 mace "Cunoa" {venom, Will+ Stlth+}
 17186 | Orc:1    | Entered Level 1 of the Orcish Mines
 17186 | Orc:1    | Noticed Snorg
 17186 | Orc:1    | Found Fuor Qua's Magic Scroll Shoppe.
 17187 | Orc:1    | Noticed Fannar
 17200 | D:10     | Killed Snorg
 17201 | D:10     | Reached skill level 10 in Air Magic
 17327 | Orc:1    | Noticed a two-headed ogre
 17329 | Orc:1    | Killed Fannar
 17333 | Orc:1    | Reached skill level 5 in Hexes
 17505 | Orc:1    | Killed a two-headed ogre
 17559 | Orc:1    | Found Ekutrual's Jewellery Boutique.
 17569 | Orc:1    | Bought a scroll of magic mapping for 97 gold pieces
 17654 | Orc:2    | Entered Level 2 of the Orcish Mines
 17750 | Orc:1    | Found a dark tunnel.
 17753 | Orc:1    | Killed from afar by a lindwurm

Illustrated notes

Levels and vault maps discovered:
D:1:      sevenhm_arrival_forest_fort_large_4, layout_basic,
          nrook_loot_triangle, minmay_lizard_pond
D:2:      layout_loops_ring, basic_altar, serial_shops,
          nicolae_shop_temple_entry_statues_fountains
D:3:      layout_basic, ebering_ecumenical_altar_webs, serial_forest,
          infiniplex_forest_lined_corner, infiniplex_forest_lined_1,
          infiniplex_forest_lined_1, infiniplex_forest_clump_small,
          infiniplex_forest_lined_room_3, infiniplex_forest_straight_1,
          infiniplex_forest_lined_room_2, infiniplex_forest_straight_4
D:4:      layout_cave_pools, gammafunk_ghost_arena
D:5:      layout_loops_ring, mainiacjoe_overflow_catwalk, nicolae_specific_store
D:6:      lemuel_ratsnest, layout_rooms, mainiacjoe_overflow_boulevard,
          ebering_ghost_rock_garden, hangedman_abyss_or_decor_stagger,
          serial_park_tiny_1
D:7:      layout_loops_cross, nicolae_overflow_hidden_temple,
          minmay_temple_entry_mist, serial_shops, kennysheep_little_box,
          hangedman_abyss_or_decor_stabs, minmay_misc_feat_iff
D:8:      layout_basic, mainiacjoe_overflow_alcove_4, lemuel_doored_altar,
          serial_shops, shop_fountains, minmay_crystal_water,
          kennysheep_island_fort, uniq_pikel, uniq_joseph, uniq_erica,
          uniq_gastronok
D:9:      layout_stronghold, lemuel_zombie_altar_yredelemnul, uniq_psyche,
          uniq_prince_ribbit1
D:10:     layout_grid_maze, lightli_temple_of_fire, fedhas_ov_isle_minmay,
          dpeg_oklobed_lair, chequers_serial_rivers_micro_e, uniq_grum,
          uniq_maggie
D:11:     layout_irregular_city
Temple:   eino_narrow_crystal_temple
Lair:1:   layout_long_grid
Lair:2:   layout_loops_ring, nicolae_spider_entry_non_spiders,
          serial_bayou_pond_a, uniq_harold
Orc:1:    layout_caves, nicolae_volcano_entry_vermiform, serial_shops,
          shop_fountains, nicolae_shop_hallway_plus, shop, uniq_snorg,
          uniq_fannar
Orc:2:    st_orc_ogre_mass, layout_caves

Skill      XL: |  1  2  3  4  5  6  7  8  9 10 11 12 |
---------------+-------------------------------------+-----
Spellcasting   | 4 5 6 8 10 | 10.0
Conjurations   | 5 7 8 10 | 10.0
Shields        | 1 2 3 4 |  4.0
Fighting       | 3 5 9 10 | 10.0
Poison Magic   | 5 8 10 | 10.0
Air Magic      | 4 10 | 10.0
Hexes          | 7 |  7.1
Dodging        | |  2.4
Stealth        | |  2.5

Action                   |  1- 3 |  4- 6 |  7- 9 | 10-12 || total
-------------------------+-------+-------+-------+-------++-------
Melee: Staff             |       |     3 |     4 |    15 ||    22
 Cast: Magic Dart        |    57 |    69 |    57 |    10 ||   193
       Searing Ray       |     1 |    21 |    44 |    34 ||   100
       Fulminant Prism   |       |       |    11 |    85 ||    96
       Olgreb's Toxic Ra |       |       |     3 |    56 ||    59
       Iskenderun's Myst |       |       |       |     8 ||     8
  Use: Scroll            |     1 |    13 |     4 |     8 ||    26
       Potion            |       |     5 |     1 |     1 ||     7
Armor: Robe              |     1 |     5 |     6 |    20 ||    32
Dodge: Dodged            |     4 |    25 |    32 |   198 ||   259
Block: Buckler           |       |    14 |    18 |    98 ||   130
